Workbook

Sheet SOURCE
A1: X Society
A2: PO Box 9999
A3: Day Book
A4: 1-Jan-2016 to 31-Dec-2017
A5: Date | B5: Particulars | E5: Vch Type | F5: Vch No. | H5: Debit Amount | I5: Credit Amount
G6: Currency | H6: Inwards Qty | I6: Outwards Qty | J6: Amount if QAR/EUR
A7: 42370 | B7: INVESTISSEMENTS | E7: Journal | F7: 1111 | G7: USD | H7: 10000
A8: VIDE | B8: Autres | E8: Journal | F8: 1111 | G8: USD | I8: 10000
B9: Libellé Opération 1
A10: 42370 | B10: INVESTISSEMENTS | E10: Journal | F10: 2222 | G10: QAR | H10: 8000 | J10: 4000
B11: 8000 | C11: @ | D11: 0.2747
A12: VIDE | B12: Autres | E12: Journal | F12: 2222 | G12: QAR | I12: 6000 | J12: 3000
B13: 6000 | C13: @ | D13: 0.2747
A14: VIDE | B14: Autres | E14: Journal | F14: 2222 | G14: QAR | I14: 2000 | J14: -1000
B15: 2000 | C15: @ | D15: 0.2747
B16: Libellé Opération 2
A17: 42370 | B17: INVESTISSEMENTS | E17: Journal | F17: 3333 | G17: USD | H17: 11000
A18: VIDE | B18: Autres | E18: Journal | F18: 3333 | G18: USD | I18: 11000
B19: Libellé Opération 3
A20: 42370 | B20: INVESTISSEMENTS | E20: Journal | F20: 4444 | G20: USD | H20: 3000
A21: VIDE | B21: Autres | E21: Journal | F21: 4444 | G21: USD | I21: 3000
B22: Libellé Opération 4
A23: 42370 | B23: INVESTISSEMENTS | E23: Journal | F23: 5555 | G23: USD | H23: 20000
A24: VIDE | B24: Autres - G&A Unused Leave | E24: Journal | F24: 5555 | G24: USD | I24: 5000
A25: VIDE | B25: Autres Salariés - G&A Unused Leave | E25: Journal | F25: 5555 | G25: USD | I25: 15000
B26: Libellé Opération 5
A27: 42372 | B27: Autres - Téléphonie | E27: Payment | F27: 6666 | G27: QAR | H27: 333.33 | J27: 166.665
B28: 333.33 | C28: @ | D28: 0.2747
A29: VIDE | B29: Other G&A Land Line Tel Exp | E29: Payment | F29: 6666 | G29: QAR | H29: 333.33 | J29: 166.665
B30: 333.33 | C30: @ | D30: 0.2747
A31: VIDE | B31: Other G&A Land Line Tel Exp | E31: Payment | F31: 6666 | G31: QAR | H31: 333.33 | J31: 166.665
B32: 333.33 | C32: @ | D32: 0.2747
A33: VIDE | B33: HSBC-CURRENT-QAR | E33: Payment | F33: 6666 | G33: QAR | I33: 999.99 | J33: -499.995
B34: 999.99 | C34: @ | D34: 0.2747
B35: Libellé Opération 6
A36: 42374 | B36: Creditors-Serv- Salam Tower | E36: Payment | F36: 7777 | G36: QAR | H36: 1500 | J36: 750
B37: 1500 | C37: @ | D37: 0.2747
A38: VIDE | B38: HSBC-CURRENT-QAR | E38: Payment | F38: 7777 | G38: QAR | I38: 1500 | J38: -750
B39: 1500 | C39: @ | D39: 0.2747
B40: Libellé Opération 7
A41: 42374 | B41: Creditors-Serv- Salam Tower | E41: Purchase | F41: 8888 | G41: QAR | I41: 800 | J41: -400
B42: 800 | C42: @ | D42: 0.2747
A43: VIDE | B43: Other G&A Office Maint | E43: Purchase | F43: 8888 | G43: QAR | H43: 800 | J43: 400
B44: 800 | C44: @ | D44: 0.2747
B45: Libellé Opération 8
A46: 42389 | B46: Creditors-Serv- Salam Tower | E46: Purchase | F46: 9999 | G46: QAR | I46: 1500 | J46: -750
B47: 1500 | C47: @ | D47: 0.2747
A48: VIDE | B48: Other G&A - Other's Gen | E48: Purchase | F48: 9999 | G48: QAR | H48: 1500 | J48: 750
B49: 1500 | C49: @ | D49: 0.2747
B50: Libellé Opération 9
A51: 42406 | B51: Other Pers Prod Cost - Education Benefit | E51: Payment | F51: 1112 | G51: QAR | H51: 3500 | J51: 1750
B52: 3500 | C52: @ | D52: 0.2747
A53: VIDE | B53: Bank Charges - HSBC | E53: Payment | F53: 1112 | G53: QAR | H53: 300 | J53: 150
B54: 300 | C54: @ | D54: 0.2747
A55: VIDE | B55: HSBC-CURRENT-QAR | E55: Payment | F55: 1112 | G55: QAR | I55: 3800 | J55: -1900
B56: 3800 | C56: @ | D56: 0.2747
B57: Libellé Opération 10
A58: 42406 | B58: Other Prod Cost - Project Expenses | E58: Payment | F58: 2223 | G58: QAR | H58: 5000 | J58: 2500
B59: 5000 | C59: @ | D59: 0.2747
A60: VIDE | B60: Other G&A - Gifts | E60: Payment | F60: 2223 | G60: QAR | H60: 2500 | J60: 1250
B61: 2500 | C61: @ | D61: 0.2747
A62: VIDE | B62: CA-ADVANCE PAYMENTS | E62: Payment | F62: 2223 | G62: QAR | I62: 2500 | J62: -1250
B63: 2500 | C63: @ | D63: 0.2747
A64: VIDE | B64: HSBC-CURRENT-QAR | E64: Payment | F64: 2223 | G64: QAR | I64: 5000 | J64: -2500
B65: 5000 | C65: @ | D65: 0.2747
B66: Libellé Opération 12
A67: 42436 | B67: Other Pers Prod Cost - Housing Rental | E67: Payment | F67: 3334 | G67: QAR | H67: 4000 | J67: 2000
B68: 4000 | C68: @ | D68: 0.2747
A69: VIDE | B69: HSBC-CURRENT-QAR | E69: Payment | F69: 3334 | G69: QAR | I69: 4000 | J69: -2000
B70: 4000 | C70: @ | D70: 0.2747
B71: Libellé Opération 13
A72: 42436 | B72: Other Pers Prod - End Of Serv & REtirement Fund | E72: Payment | F72: 4445 | G72: QAR | H72: 1300 | J72: 650
B73: 1300 | C73: @ | D73: 0.2747
A74: VIDE | B74: Autres Salariés - G&A Unused Leave | E74: Payment | F74: 4445 | G74: QAR | H74: 1300 | J74: 650
B75: 1300 | C75: @ | D75: 0.2747
A76: VIDE | B76: Other Pers Prod Cost - Local Travel & Transp | E76: Payment | F76: 4445 | G76: QAR | H76: 8 | J76: 4
B77: 8 | C77: @ | D77: 0.2747
A78: VIDE | B78: Other Pers Prod Cost Travel Abroad | E78: Payment | F78: 4445 | G78: QAR | H78: 600 | J78: 300
B79: 600 | C79: @ | D79: 0.2747
A80: VIDE | B80: Bank Charges - HSBC | E80: Payment | F80: 4445 | G80: QAR | H80: 6 | J80: 3
B81: 6 | C81: @ | D81: 0.2747
A82: VIDE | B82: HSBC-CURRENT-QAR | E82: Payment | F82: 4445 | G82: QAR | I82: 3214 | J82: -1607
B83: 3214 | C83: @ | D83: 0.2747
B84: Libellé Opération 14

Sheet INTEGRATION PGI
A1: BELNR | B1: BUKRS | C1: LDGRP | D1: BLART | E1: XBLNR | F1: BLDAT | G1: BUDAT | H1: MONAT | I1: WAERS | J1: KURSF | K1: BKTXT | L1: XMWST | M1: NEWBS | N1: NEWKO | O1: WRBTR | P1: DMBTR | Q1: WMWST | R1: MWSTS | S1: MWSKZ | T1: XSKRL | U1: PROJK | V1: KSTRG | W1: KOSTL | X1: AUFNR | Y1: PRCTR | Z1: VBEL2 | AA1: POSN2 | AB1: BEWAR | AC1: VALUT | AD1: ZFBDT | AE1: ZUONR | AF1: SGTXT | AG1: WSKTO | AH1: SKFBT | AI1: ZLSPR | AJ1: LANDL | AK1: LZBKZ | AL1: VBUND
A2: =SOURCE!A7 -> 42370 | F2: =SOURCE!A7 -> 42370 | G2: =SOURCE!A7 -> 42370 | I2: =SOURCE!G7 -> USD | N2: =SOURCE!B7 -> INVESTISSEMENTS | O2: =SOURCE!H7 -> 10000 | AE2: =SOURCE!F7 -> 1111 | AF2: =SOURCE!$B$9
A3: =SOURCE!A8 -> VIDE | F3: =SOURCE!A8 -> VIDE | G3: =SOURCE!A8 -> VIDE | I3: =SOURCE!G8 -> USD | N3: =SOURCE!B8 -> Autres | O3: =SOURCE!I8 -> 10000 | AE3: =SOURCE!F8 -> 1111 | AF3: =SOURCE!$B$9
A5: =SOURCE!A10 -> 42370 | F5: =SOURCE!A10 -> 42370 | G5: =SOURCE!A10 -> 42370 | I5: =SOURCE!G10 -> QAR | N5: =SOURCE!B10 -> INVESTISSEMENTS | O5: =SOURCE!J10 -> 4000 | AE5: =SOURCE!F10 -> 2222 | AF5: =SOURCE!B16
A8: Résultat que je veux obtenir :
A11: BELNR | B11: BUKRS | C11: LDGRP | D11: BLART | E11: XBLNR | F11: BLDAT | G11: BUDAT | H11: MONAT | I11: WAERS | J11: KURSF | K11: BKTXT | L11: XMWST | M11: NEWBS | N11: NEWKO | O11: WRBTR | P11: DMBTR | Q11: WMWST | R11: MWSTS | S11: MWSKZ | T11: XSKRL | U11: PROJK | V11: KSTRG | W11: KOSTL | X11: AUFNR | Y11: PRCTR | Z11: VBEL2 | AA11: POSN2 | AB11: BEWAR | AC11: VALUT | AD11: ZFBDT | AE11: ZUONR | AF11: SGTXT | AG11: WSKTO | AH11: SKFBT | AI11: ZLSPR | AJ11: LANDL | AK11: LZBKZ | AL11: VBUND
A12: XYZ 2016.01 | F12: 20160101 | G12: 20160101 | I12: =SOURCE!G17 -> USD | M12: 40 | N12: INVESTISSEMENTS | O12: 10000 | AE12: 1111 | AF12: Libellé 1
A13: XYZ 2016.01 | F13: 20160101 | G13: 20160101 | I13: =SOURCE!G18 -> USD | M13: 50 | N13: Autres | O13: 10000 | AE13: 1111 | AF13: Libellé 1
